3L
PANAMA CITY PIRANHAS @ HARTFORD WHALERS
08/02/2019
 
TOP OF THE 1ST
Panama City Piranhas batting - Pitching for Hartford Whalers : LHP Tony Cherena
Pitching: LHP Tony Cherena
Batting: RHB Jeff Bass 0-0: Called Strike
0-1: Swinging Strike
0-2: Strikes out swinging
Batting: SHB Marc Talamante 0-0: Ball
1-0: Ball
2-0: Foul Ball, location: 2F
2-1: Ball
3-1: Called Strike
3-2: Base on Balls
Batting: RHB Hal Romaine 0-0: Swinging Strike
0-1: Fly out, F5 (Popup, 25F)
Batting: SHB Theodore Buck 0-0: Ball
1-0: Ball
2-0: Called Strike
2-1: Ball
3-1: Called Strike
3-2: Foul Ball, location: 2F
3-2: Foul Ball, location: 2F
3-2: DOUBLE (Line Drive, 78XD)
Marc Talamante to third
Marc Talamante scores
Batting: RHB Harvey Porter 0-0: Ball
1-0: Called Strike
1-1: Ball
2-1: Swinging Strike
2-2: Strikes out swinging
Top of the 1st over - 1 run(s), 1 hit(s), 0 error(s), 1 left on base; Panama City 1 - Hartford 0
BOTTOM OF THE 1ST
Hartford Whalers batting - Pitching for Panama City Piranhas : LHP Qing-nian Gong
Pitching: LHP Qing-nian Gong
Batting: RHB Félix Rodríguez 0-0: Ball
1-0: Reached on Error, E8 (Flyball, 8RS)
Batting: LHB Bill Burgess 0-0: Ball
1-0: Ball
Wild Pitch!
Félix Rodríguez to second
2-0: SINGLE (Groundball, 3D)
Félix Rodríguez to third
Batting: RHB Mike Brown 0-0: Ball
1-0: SINGLE (Flyball, 89S)
Félix Rodríguez scores
Bill Burgess to second
Batting: LHB Leonardo López 0-0: Called Strike
0-1: Fielders Choice at 2nd, 4-6 (Groundball, 4)
Bill Burgess to third
Batting: LHB Frank Parks 0-0: Called Strike
0-1: Ball
1-1: Ball
2-1: Ball
3-1: Called Strike
3-2: Base on Balls
Leonardo López to second
Batting: LHB César Durán 0-0: Ball
1-0: Called Strike
1-1: Ball
2-1: Fly out, F8 (Flyball, 8LM)
Runner from 3rd tags up, SCORES, throw made
Batting: RHB Roberto Ramírez 0-0: Swinging Strike
0-1: Swinging Strike
0-2: Ball
1-2: Strikes out looking
Bottom of the 1st over - 2 run(s), 2 hit(s), 1 error(s), 2 left on base; Panama City 1 - Hartford 2
TOP OF THE 2ND
Panama City Piranhas batting - Pitching for Hartford Whalers : LHP Tony Cherena
Batting: RHB Vern Ewing 0-0: Ball
1-0: Reached on error, E2 (Groundball, 2L)
Batting: RHB William Hull 0-0: Fly out, F9 (Flyball, 9D)
Runner from 2nd tags up, SAFE at 3rd, no throw
Batting: RHB Pete Knight 0-0: Ball
1-0: Swinging Strike
1-1: Swinging Strike
1-2: Foul Ball, location: 2F
1-2: SINGLE (Groundball, 56D)
Vern Ewing scores
Batting: LHB Qing-nian Gong 0-0: Bunted foul
0-1: Ball
1-1: Bunt - Flyout! F1
Batting: RHB Jeff Bass 0-0: Ball
1-0: Ball
2-0: Called Strike
2-1: Ball
3-1: DOUBLE (Line Drive, 89XD)
Pete Knight to third
Batting: SHB Marc Talamante 0-0: Called Strike
0-1: Hit by Pitch
Batting: RHB Hal Romaine 0-0: Called Strike
0-1: Foul Ball, location: 2F
0-2: Strikes out looking
Top of the 2nd over - 1 run(s), 2 hit(s), 1 error(s), 3 left on base; Panama City 2 - Hartford 2
BOTTOM OF THE 2ND
Hartford Whalers batting - Pitching for Panama City Piranhas : LHP Qing-nian Gong
Batting: LHB Norm Ortega 0-0: Ball
1-0: Foul Ball, location: 2F
1-1: Fly out, F7 (Line Drive, 7S)
Batting: LHB Tony Cherena 0-0: Ball
1-0: Called Strike
1-1: Ball
2-1: Ground out 3-1 (Groundball, 3)
Batting: RHB Félix Rodríguez 0-0: SOLO HOME RUN (Flyball, 7D), Distance : 371 ft
Batting: LHB Bill Burgess 0-0: Ball
1-0: Foul Ball, location: 2F
1-1: Ball
2-1: Ball
3-1: DOUBLE (Line Drive, 7LM)
Batting: RHB Mike Brown 0-0: Called Strike
0-1: Called Strike
0-2: Hit by Pitch
Batting: LHB Leonardo López 0-0: Swinging Strike
0-1: Swinging Strike
0-2: Fly out, F4 (Line Drive, 4)
Bottom of the 2nd over - 1 run(s), 2 hit(s), 0 error(s), 2 left on base; Panama City 2 - Hartford 3
TOP OF THE 3RD
Panama City Piranhas batting - Pitching for Hartford Whalers : LHP Tony Cherena
Batting: SHB Theodore Buck 0-0: Ball
1-0: Ball
2-0: Swinging Strike
2-1: Ball
3-1: Swinging Strike
3-2: Foul Ball, location: 2F
3-2: Base on Balls
Batting: RHB Harvey Porter 0-0: Ball
1-0: Grounds into double play, 6-4-3 (Groundball, 6M)
Batting: RHB Vern Ewing 0-0: Ball
1-0: Ball
2-0: Foul Ball, location: 2F
2-1: Ball
3-1: Foul Ball, location: 2F
3-2: Ground out 6-3 (Groundball, 6)
Top of the 3rd over - 0 run(s), 0 hit(s), 0 error(s), 0 left on base; Panama City 2 - Hartford 3
BOTTOM OF THE 3RD
Hartford Whalers batting - Pitching for Panama City Piranhas : LHP Qing-nian Gong
Batting: LHB Frank Parks 0-0: Called Strike
0-1: Ball
1-1: Ball
2-1: Fly out, F8 (Flyball, 8LM)
Batting: LHB César Durán 0-0: Ball
1-0: Ball
2-0: Ground out 4-3 (Groundball, 4M)
Batting: RHB Roberto Ramírez 0-0: Foul Ball, location: 2F
0-1: Ball
1-1: Fly out, F7 (Line Drive, 78S)
Bottom of the 3rd over - 0 run(s), 0 hit(s), 0 error(s), 0 left on base; Panama City 2 - Hartford 3
TOP OF THE 4TH
Panama City Piranhas batting - Pitching for Hartford Whalers : LHP Tony Cherena
Batting: RHB William Hull 0-0: Ball
1-0: Foul Ball, location: 2F
1-1: Ball
2-1: Swinging Strike
2-2: Ball
3-2: Strikes out swinging
Batting: RHB Pete Knight 0-0: Ball
1-0: Ground out 6-3 (Groundball, 6M)
Batting: LHB Qing-nian Gong 0-0: Called Strike
0-1: Ball
1-1: SINGLE (Groundball, 5D)
Batting: RHB Jeff Bass 0-0: Ball
1-0: Ball
2-0: SINGLE (Line Drive, 8LS)
Qing-nian Gong to second
Batting: SHB Marc Talamante 0-0: Ball
1-0: Ball
2-0: Ball
3-0: Base on Balls
Qing-nian Gong to third
Jeff Bass to second
Batting: RHB Hal Romaine 0-0: Ball
1-0: Swinging Strike
1-1: Called Strike
1-2: Ball
2-2: Strikes out looking
Top of the 4th over - 0 run(s), 2 hit(s), 0 error(s), 3 left on base; Panama City 2 - Hartford 3
BOTTOM OF THE 4TH
Hartford Whalers batting - Pitching for Panama City Piranhas : LHP Qing-nian Gong
Batting: LHB Norm Ortega 0-0: Fly out, F8 (Flyball, 8RM)
Batting: LHB Tony Cherena 0-0: Called Strike
0-1: Swinging Strike
0-2: Ball
1-2: Ground out 5-3 (Groundball, 5D)
Batting: RHB Félix Rodríguez 0-0: Ground out 5-3 (Groundball, 5S)
Bottom of the 4th over - 0 run(s), 0 hit(s), 0 error(s), 0 left on base; Panama City 2 - Hartford 3
TOP OF THE 5TH
Panama City Piranhas batting - Pitching for Hartford Whalers : LHP Tony Cherena
Batting: SHB Theodore Buck 0-0: SINGLE (Groundball, 5L)
Batting: RHB Harvey Porter 0-0: Called Strike
0-1: Fly out, F7 (Line Drive, 78D)
Batting: RHB Vern Ewing 0-0: Fly out, F8 (Flyball, 8LM)
Batting: RHB William Hull 0-0: Called Strike
0-1: Ball
1-1: Swinging Strike
1-2: Foul Ball, location: 2F
1-2: Ball
2-2: Strikes out swinging
Top of the 5th over - 0 run(s), 1 hit(s), 0 error(s), 1 left on base; Panama City 2 - Hartford 3
BOTTOM OF THE 5TH
Hartford Whalers batting - Pitching for Panama City Piranhas : LHP Qing-nian Gong
Batting: LHB Bill Burgess 0-0: Called Strike
0-1: Ball
1-1: Ball
2-1: Swinging Strike
2-2: SINGLE (Flyball, 7S)
Batting: RHB Mike Brown 0-0: Swinging Strike
0-1: Swinging Strike
0-2: Ball
1-2: Strikes out swinging
Batting: LHB Leonardo López 0-0: Foul Ball, location: 2F
0-1: Swinging Strike
0-2: Foul Ball, location: 2F
0-2: Ball
1-2: Ball
2-2: Ball
3-2: SINGLE (Groundball, 4MD)
Bill Burgess to second
Runner from 2nd tries for 3rd, OUT!
Leonardo López to second
Batting: LHB Frank Parks 0-0: Called Strike
0-1: Ball
1-1: 2-RUN HOME RUN (Flyball, 89XD), Distance : 429 ft
Batting: LHB César Durán 0-0: Ball
1-0: Ball
2-0: Called Strike
2-1: Swinging Strike
2-2: Ball
3-2: Strikes out swinging
Bottom of the 5th over - 2 run(s), 3 hit(s), 0 error(s), 0 left on base; Panama City 2 - Hartford 5
TOP OF THE 6TH
Panama City Piranhas batting - Pitching for Hartford Whalers : LHP Tony Cherena
Batting: RHB Pete Knight 0-0: Hit by Pitch
Pinch Hitting: LHB Francisco Sánchez 0-0: Ball
1-0: Sac Bunt - play at first, batter OUT! 6-3
Pete Knight to second
Batting: RHB Jeff Bass 0-0: SINGLE (Flyball, 89S)
Pete Knight to third
Batting: SHB Marc Talamante 0-0: Ball
1-0: Called Strike
1-1: Ball
2-1: SINGLE (Line Drive, 89M)
Pete Knight scores
Jeff Bass to second
Runner from 2nd tries for 3rd, SAFE, throw made to third
Marc Talamante to second
Batting: RHB Hal Romaine 0-0: Ball
1-0: Foul Ball, location: 2F
1-1: Called Strike
1-2: Hit by Pitch
Batting: SHB Theodore Buck 0-0: Ground out 5-3 (Groundball, 6)
Jeff Bass scores
Marc Talamante to third
Hal Romaine to second
Batting: RHB Harvey Porter 0-0: Called Strike
0-1: Ball
1-1: Ball
2-1: SINGLE (Line Drive, 78M)
Marc Talamante scores
Hal Romaine to third
Runner from 3rd tries for Home, SAFE, no throw or cutoff
Pitching: RHP Dave Parrish
Now in RF: Michael Collins
Batting: RHB Vern Ewing 0-0: Ball
1-0: Ball
2-0: Ball
3-0: Called Strike
3-1: Ground out 4-3 (Groundball, 4)
Top of the 6th over - 4 run(s), 3 hit(s), 0 error(s), 1 left on base; Panama City 6 - Hartford 5
BOTTOM OF THE 6TH
Hartford Whalers batting - Pitching for Panama City Piranhas : LHP Qing-nian Gong
Pitching: RHP Lester Craft
Now in CF: Bellchyor Lebrim
Batting: RHB Roberto Ramírez 0-0: Ball
1-0: Ground out 6-3 (Groundball, 6S)
Batting: LHB Norm Ortega 0-0: Foul Ball, location: 2F
0-1: Ball
1-1: Foul Ball, location: 2F
1-2: Ground out 5-3 (Groundball, 56)
Batting: RHB Michael Collins 0-0: Called Strike
0-1: Foul Ball, location: 2F
0-2: Strikes out looking
Bottom of the 6th over - 0 run(s), 0 hit(s), 0 error(s), 0 left on base; Panama City 6 - Hartford 5
TOP OF THE 7TH
Panama City Piranhas batting - Pitching for Hartford Whalers : RHP Dave Parrish
Batting: RHB William Hull 0-0: Foul Ball, location: 2F
0-1: Ball
1-1: Foul Ball, location: 2F
1-2: Strikes out looking
Batting: RHB Pete Knight 0-0: Called Strike
0-1: SINGLE (Line Drive, 6M)
Batting: LHB Bellchyor Lebrim 0-0: Called Strike
0-1: Ball
1-1: Foul Ball, location: 2F
1-2: Foul Ball, location: 2F
1-2: Fielders Choice at 2nd, 6-4 (Groundball, 6M)
Pinch Hitting: LHB Miguel Martínez 0-0: SINGLE (Flyball, 8RS)
Bellchyor Lebrim to second
Runner from 2nd tries for 3rd, SAFE, no throw or cutoff
Pinch Hitting: LHB Arturo Guzmán 0-0: Ball
1-0: Called Strike
1-1: Foul Ball, location: 2F
1-2: Ball
2-2: Strikes out swinging
Top of the 7th over - 0 run(s), 2 hit(s), 0 error(s), 2 left on base; Panama City 6 - Hartford 5
BOTTOM OF THE 7TH
Hartford Whalers batting - Pitching for Panama City Piranhas : RHP Lester Craft
Pitching: RHP Juan Pérez
Now at 2B: Miguel Martínez
Batting: RHB Félix Rodríguez 0-0: Ball
1-0: Ball
2-0: Ball
3-0: Base on Balls
Pinch Hitting: RHB Dave O'Day 0-0: Foul Ball, location: 2F
0-1: Ball
1-1: Sac Bunt - play at first, batter OUT! 1-4
Félix Rodríguez to second
Batting: RHB Mike Brown 0-0: Called Strike
0-1: Fly out, F9 (Flyball, 9M)
Runner from 2nd tags up, SAFE at 3rd with throw
Batting: LHB Leonardo López 0-0: Called Strike
0-1: Fly out, F8 (Flyball, 8LD)
Bottom of the 7th over - 0 run(s), 0 hit(s), 0 error(s), 1 left on base; Panama City 6 - Hartford 5
TOP OF THE 8TH
Panama City Piranhas batting - Pitching for Hartford Whalers : RHP Dave Parrish
Pitching: RHP Iván Cordero
Batting: RHB Hal Romaine 0-0: Called Strike
0-1: Ball
1-1: Ball
2-1: Called Strike
2-2: Ball
3-2: Strikes out swinging, 2-3 out at first.
Batting: SHB Theodore Buck 0-0: Ball
1-0: Swinging Strike
1-1: Foul Ball, location: 2F
1-2: Ground out 6-3 (Groundball, 6)
Batting: RHB Harvey Porter 0-0: Ball
1-0: Swinging Strike
1-1: Foul Ball, location: 2F
1-2: Ground out 5-3 (Groundball, 56S)
Top of the 8th over - 0 run(s), 0 hit(s), 0 error(s), 0 left on base; Panama City 6 - Hartford 5
BOTTOM OF THE 8TH
Hartford Whalers batting - Pitching for Panama City Piranhas : RHP Juan Pérez
Batting: LHB Frank Parks 0-0: Fly out, F7 (Flyball, 7LM)
Batting: LHB César Durán 0-0: Called Strike
0-1: Foul Ball, location: 2F
0-2: Ball
1-2: Strikes out looking
Batting: RHB Roberto Ramírez 0-0: Ball
1-0: Called Strike
1-1: Ball
2-1: Ground out 5-3 (Groundball, 6S)
Bottom of the 8th over - 0 run(s), 0 hit(s), 0 error(s), 0 left on base; Panama City 6 - Hartford 5
TOP OF THE 9TH
Panama City Piranhas batting - Pitching for Hartford Whalers : RHP Iván Cordero
Batting: RHB Vern Ewing 0-0: Fly out, F8 (Line Drive, 8LS)
Batting: RHB William Hull 0-0: Ball
1-0: Called Strike
1-1: Called Strike
1-2: Strikes out swinging
Batting: RHB Pete Knight 0-0: Ball
1-0: SINGLE (Groundball, 6MD)
Batting: LHB Bellchyor Lebrim 0-0: Foul Ball, location: 2F
0-1: Ball
1-1: SINGLE (Groundball, 4M)
Pete Knight to second
Runner from 2nd tries for 3rd, OUT!
Top of the 9th over - 0 run(s), 2 hit(s), 0 error(s), 1 left on base; Panama City 6 - Hartford 5
BOTTOM OF THE 9TH
Hartford Whalers batting - Pitching for Panama City Piranhas : RHP Juan Pérez
Pitching: RHP Jessie Holley
Now at C: Joel Lee
Batting: LHB Norm Ortega 0-0: Foul Ball, location: 2F
0-1: Ball
1-1: Ball
2-1: Swinging Strike
2-2: SINGLE (Line Drive, 7LS)
Batting: RHB Michael Collins 0-0: Ball
1-0: Ball
2-0: Called Strike
2-1: Ball
3-1: Foul Ball, location: 2F
3-2: Foul Ball, location: 2F
3-2: Strikes out looking
Batting: RHB Félix Rodríguez 0-0: Foul Ball, location: 2F
0-1: Foul Ball, location: 2F
0-2: Ball
1-2: Ball
2-2: Strikes out swinging
Pinch Hitting: SHB Julian Anthony 0-0: Foul Ball, location: 2F
0-1: Ball
1-1: Fielders Choice at 2nd, U6 (Groundball, 6M)
Bottom of the 9th over - 0 run(s), 1 hit(s), 0 error(s), 1 left on base; Panama City 6 - Hartford 5
This league is powered by Out of the Park Baseball, the baseball management simulation game for PC, Mac and Linux
Saturday, July 25th, 2015 - OOTP Baseball 15.6 Build 34